Map: Dusk Towers

Players

ReDPanDa - Winner!

  • Race: Zerg Zerg
  • League: Master

A.I. 1 (Very Easy)

  • Race: Zerg Zerg

VOD

Have the link to the VOD?

Description

Time

  • Played on: Nov. 21, 2015, 5:18 a.m.
  • Length: 5:19
Show
View Real Time Build Order
Export as new Build Order

ReDPanDa Zerg - Winner!

Build Orders: Hatch First 

Get SALT Encoding   

  12  0:01  Drone  
  13  0:12  Overlord  
  13  0:17  Drone  
  14  0:31  Drone x2  
  14  0:34  Drone  
  17  0:52  Hatchery  
  17  0:55  Drone  
  17  0:58  Drone  
  18  1:11  Spawning Pool  
  18  1:14  Drone  
  18  1:17  Drone  
  19  1:21  Extractor  
  18  1:28  Drone  
  19  1:39  Drone  
  20  1:49  Overlord  
  20  1:57  Queen  
  22  2:03  Zergling x2  
  22  2:04  Queen  
  22  2:05  Drone  
  26  2:11  Drone  
  26  2:15  Drone  
  28  2:21  Metabolic Boost  
  28  2:23  Drone  
  28  2:25  Drone  
  30  2:32  Overlord  
  30  2:33  Queen  
  30  2:36  Drone  
  33  2:44  Roach Warren, Drone  
  33  2:47  Drone  
  34  2:53  Drone  
  35  2:59  Overlord  
  35  3:06  Overlord  
  35  3:07  Drone  
  36  3:26  Roach x6  
  47  3:30  Roach  
  49  3:37  Roach  
  49  3:39  Overlord  
  51  3:43  Zergling x6  
  51  3:44  Zergling x2  
  51  3:47  Roach  
  57  3:50  Zergling x4  
  59  3:59  Roach  
  59  4:00  Overlord  
  62  4:10  Zergling x10  
  66  4:18  Roach x2  
  66  4:19  Zergling x2  
  73  4:24  Roach  
  73  4:25  Overlord  
  73  4:33  Hatchery  
  73  4:36  Zergling x2  
  73  4:41  Drone  
  73  4:43  Roach x2  
  78  4:50  Roach  
  78  4:52  Zergling x4  
  83  5:00  Roach  
  83  5:01  Zergling x2  
Show
View Real Time Build Order
Export as new Build Order

A.I. 1 (Very Easy) Zerg 

Build Orders: Pool Only 

Get SALT Encoding   

  12  0:00  Drone  
  13  0:12  Overlord  
  13  0:17  Drone  
  14  0:35  Spawning Pool  
  14  0:37  Extractor  
  14  0:39  Drone  
  13  0:47  Drone  
  14  0:51  Overlord  
  14  1:22  Queen  
  14  1:23  Zergling x2  
  17  1:30  Roach Warren  
  16  1:33  Drone  
  16  1:37  Extractor  
  16  1:41  Drone, Zergling x2  
  18  1:55  Drone  
  18  1:59  Zergling x2  
  20  2:06  Drone  
  21  2:17  Drone  
  22  2:27  Drone  
  22  2:29  Overlord  
  23  2:34  Drone  
  24  2:42  Drone  
  25  4:06  Zergling x2  
  25  4:50  Zergling x2  
  23  4:57  Drone  
  19  5:04  Drone  
Tags
 
Add a new tag
Caveats
  • Supply blocks, unpowered buildings, or Contaminate may cause inaccurate times.
  • Supply counts are checked every 10 seconds.